 Dungeon Crawl Stone Soup version 0.20-a0-270-g8e735b6 (webtiles) character file.

66 Jarlath the Skirmisher (level 3, -4/27 HPs)
             Began as a High Elf Skald on Dec 9, 2016.
             Slain by Natasha (5 damage)
             ... on level 2 of the Dungeon.
             The game lasted 00:01:49 (1883 turns).

Jarlath the Skirmisher (High Elf Skald)             Turns: 1883, Time: 00:01:50

Health: -4/27      AC:  3    Str: 11    XL:     3   Next: 96%
Magic:  6/7        EV: 11    Int: 15    God:
Gold:   39         SH:  0    Dex: 16    Spells: 5/6 levels left

rFire  . . .     SeeInvis .     a - +1 falchion
rCold  . . .     Gourm    .     b - +0 leather armour
rNeg   . . .     Faith    .     (no shield)
rPois  .         Spirit   .     (no helmet)
rElec  .         Reflect  .     (no cloak)
rCorr  .         Harm     .     (no gloves)
MR     .....                    (no boots)
Stlth  +.........               (no amulet)
                                (no ring)
                                (no ring)

@: very slightly contaminated, invisible
A: no striking features
a: no special abilities


You were on level 2 of the Dungeon.
You were not hungry.

You visited 1 branch of the dungeon, and saw 2 of its levels.

You collected 39 gold pieces.

Inventory:

Hand Weapons
 a - a +1 falchion (weapon)
Armour
 b - a +0 leather armour (worn)
Scrolls
 h - a scroll of random uselessness
 q - a scroll of enchant armour {unknown}
Potions
 i - a potion of flight {unknown}
 j - a potion of resistance {unknown}
 k - a potion of cure mutation {unknown}
 n - a potion of lignification {unknown}
Books
 c - a book of Battle

   Spells                             Type                      Level
   a - Infusion                       Charms                       1
   b - Shroud of Golubria             Charms/Translocation         2
   c - Song of Slaying                Charms                       2
   d - Spectral Weapon                Hexes/Charms                 3
   e - Regeneration                   Charms/Necromancy            3
Comestibles
 d - a bread ration


   Skills:
 + Level 4.3 Fighting
 - Level 2.4 Long Blades
 - Level 0.8 Armour
 - Level 1.1 Dodging
 - Level 2.4 Spellcasting
 - Level 3.6 Charms


You had 5 spell levels left.
You knew the following spells:

 Your Spells              Type           Power        Failure   Level  Hunger
a - Infusion              Chrm           ##..         10%         1    #......


Dungeon Overview and Level Annotations

Branches:
Dungeon (2/15)

Altars:

Annotations:
D:2 Natasha


Message History

Natasha claws you.
* * * LOW HITPOINT WARNING * * *
You fade into invisibility!
Natasha claws you but does no damage.
You are very lightly contaminated with residual magic.
Casting: Infusion
Confirm with . or Enter, or press ? or * to list all spells.
You miscast Infusion.
Nothing appears to happen.
Natasha claws you but does no damage.
You closely miss Natasha.
Natasha mumbles some strange words.
As you read the scroll labeled IRIOT RYANUHO, it crumbles to dust.
The creatures around you are filled with an inner flame!
It was a scroll of immolation.
Natasha claws you.
* * * LOW HITPOINT WARNING * * *
As you read the scroll labeled CAFEKI QIMO, it crumbles to dust.
It is a scroll of recharging.
You aren't carrying any rechargeable items.
Natasha claws you.
You die...

*,,,,,*######.........##
#.....* #.........##
#.....* #.........##
#.....* #.........##
#.....* #.........#.
#.....* #.........#.
#.....* ##'####'#.#.
#....5##### #.####.#...
#.....h@..# #...##.####
####+####'######.##.#
******,*#........#.#..#
*,,,,,,*#........#.#.##
*,,,,####........#.#.*
*,,,,#......######.#,**###
*,,,,#.###### #.#,,,...
*,,,,#.# #.#######
*,,,,#.# #........


You could see Natasha (inner flame) and a crimson imp (wandering).

Vanquished Creatures
  An adder (D:2)
  An ooze (D:2)
  A worm (D:1)
  A dart slug (D:2)
  2 leopard geckos (D:1)
  4 giant cockroaches
  8 goblins
  3 hobgoblins
  5 jackals (D:1)
  5 kobolds
  5 bats
  3 frilled lizards
  2 rats (D:2)
41 creatures vanquished.

Notes
Turn   | Place    | Note
-------+----------+-------------------------------------------
     0 | D:1      | Jarlath the High Elf Skald began the quest for the Orb.
     0 | D:1      | Reached XP level 1. HP: 14/14 MP: 4/4
   337 | D:1      | Reached XP level 2. HP: 20/20 MP: 6/6
   401 | D:1      | Reached skill level 3 in Fighting
   794 | D:1      | Reached XP level 3. HP: 26/26 MP: 1/7
  1331 | D:2      | Reached skill level 4 in Fighting
  1872 | D:2      | Noticed Natasha
  1882 | D:2      | HP: 1/27 [Natasha (5)]
  1883 | D:2      | Slain by Natasha

Vault maps used:
D:1:      evilmike_arrival_hilbert_curve
D:2:      uniq_natasha

Skill      XL: |  1  2  3 |
---------------+----------+-----
Fighting       | 3 4 |  4.3
Long Blades    | |  2.4
Armour         | |  0.8
Dodging        | |  1.1
Spellcasting   | |  2.4
Charms         | |  3.6

Action                   || total
-------------------------++-------
Melee: Falchion          ||    88
 Cast: Infusion          ||     5
  Use: Scroll            ||     6
       Potion            ||     2
 Stab: Sleeping          ||     1
  Eat: Chunk             ||     2
       Bread ration      ||     1
Armor: Leather armour    ||    21
Dodge: Dodged            ||    68
       Rpst.: Falchion   ||    30
